 Dungeon Crawl Stone Soup version 0.31.0-32-g396128a36d (webtiles) character file.

Game seed: 7454038921189217328

28926 CapUranus the Severer (level 13, -4/116 HPs)
             Began as a Hill Orc Fighter on Apr 23, 2024.
             Was an Initiate of Gozag.
             Slain by an ironbound frostheart (11 damage)
             ... on level 14 of the Dungeon.
             The game lasted 00:51:35 (16847 turns).

CapUranus the Severer (Hill Orc Fighter)           Turns: 16847, Time: 00:51:35

Health: -4/116     AC: 27    Str: 24    XL:     13   Next: 42%
Magic:  13/13      EV:  8    Int:  8    God:    Gozag
Gold:   1865       SH: 18    Dex: 18    Spells: 12/12 levels left

rFire   + + .        U - +11 rapier of Pulohavess {venom, rPois rF+ rCorr}
rCold   + . .        V - +0 kite shield
rNeg    + . .        S - +2 plate armour {rF+}
rPois   +            P - +1 hat of the Bouncing Teeth {rN+}
rElec   .            I - +2 cloak
rCorr   +            t - +0 pair of gloves
SInv    .            (no boots)
Will    .....        o - amulet of reflection Stlth
                     z - +6 ring of dexterity
HPRegen 0.39/turn    L - ring "Zuurhax" {rC+ AC+4 Dex+2}
MPRegen 0.13/turn

%: reflection
@: no status effects
A: no striking features
a: Renounce Religion, Potion Petition, Call Merchant, Bribe Branch


You were on level 14 of the Dungeon.
You worshipped Gozag.
Gozag was most pleased with you.
You visited 2 branches of the dungeon, and saw 15 of its levels.

You collected 2573 gold pieces.
You spent 596 gold pieces at shops.
You paid 112 gold pieces to Gozag.

Inventory:

Hand Weapons
 a - a +0 war axe
 O - a +5 falchion
 U - the +11 rapier of Pulohavess (weapon) {venom, rPois rF+ rCorr}
   (You found it on level 13 of the Dungeon)

   rF+:       It protects you from fire.
   rPois:     It protects you from poison rCorr: It protects you from acid and
   corrosion.
Missiles
 d - a throwing net (quivered)
Armour
 t - a +0 pair of gloves (worn)
 I - a +2 cloak (worn)
 M - a +2 scale mail of cold resistance
 P - the +1 hat of the Bouncing Teeth (worn) {rN+}
   (You found it on level 9 of the Dungeon)

   rN+:       It protects you from negative energy.
 S - a +2 plate armour of fire resistance (worn)
 V - a +0 kite shield (worn)
Jewellery
 e - a ring of wizardry
 o - an amulet of reflection (around neck)
 s - an amulet of guardian spirit
 z - a +6 ring of dexterity (left hand)
 L - the ring "Zuurhax" (right hand) {rC+ AC+4 Dex+2}
   (You bought it in a shop on level 3 of the Dungeon)

   [ring of protection]

   AC+4:      It affects your AC (+4).
   Dex+2:     It affects your dexterity (+2).
   rC+:       It protects you from cold.
Wands
 q - a wand of flame (7)
 v - a wand of paralysis (15)
 K - a wand of roots (5)
 N - a wand of mindburst (22)
 R - a wand of polymorph (2)
Scrolls
 b - a scroll of acquirement {unknown}
 j - 4 scrolls of revelation {unknown}
 k - 2 scrolls of butterflies {unknown}
 m - a scroll of identify
 r - a scroll of silence {unknown}
 u - 7 scrolls of teleportation {unknown}
 w - a scroll of brand weapon {unknown}
 x - a scroll of vulnerability {unknown}
 y - 5 scrolls of enchant armour
 B - 2 scrolls of immolation {unknown}
 C - a scroll of amnesia {unknown}
 E - 2 scrolls of noise {unknown}
 F - a scroll of fear {unknown}
 G - 4 scrolls of blinking {unknown}
 H - a scroll of fog {unknown}
 J - 2 scrolls of enchant weapon {unknown}
 T - a scroll of poison {unknown}
Potions
 f - 4 potions of curing
 g - 2 potions of resistance
 h - 2 potions of haste
 i - a potion of mutation {unknown}
 l - 2 potions of magic
 p - a potion of invisibility {unknown}
 A - a potion of brilliance {unknown}
 D - a potion of attraction {unknown}
 Q - 2 potions of enlightenment


   Skills:
 + Level 11.3 Fighting
 + Level 2.6 Short Blades
 + Level 17.2 Axes
 + Level 12.6 Armour
 + Level 2.7 Dodging
 + Level 2.8 Stealth
 + Level 11.2 Shields
 + Level 0.6 Evocations


You had 12 spell levels left.
You didn't know any spells.
Your spell library contained the following spells:

 Spells                   Type           Power      Damage    Failure   Level
 Ensorcelled Hibernation  Hex/Ice        0%         N/A       100%        2
 Static Discharge         Conj/Air       0%         3-3/arc   100%        2
 Frozen Ramparts          Ice            0%         1d1       100%        3
 Gell's Gravitas          Tloc           0%         N/A       100%        3
 Passwall                 Erth           0%         N/A       100%        3
 Swiftness                Air            0%         N/A       100%        3
 Teleport Other           Tloc           0%         N/A       100%        3
 Airstrike                Air            0%         2d(0-16)  100%        4
 Leda's Liquefaction      Alch/Erth      0%         N/A       100%        4
 Petrify                  Alch/Erth      0%         N/A       100%        4
 Summon Lightning Spire   Summ/Air       0%         N/A       100%        4
 Metabolic Englaciation   Hex/Ice        0%         N/A       100%        5
 Dispersal                Tloc           0%         N/A       100%        6


Dungeon Overview and Level Annotations

Branches:
Dungeon (14/15)            Temple (1/1) D:5            Lair (0/5) D:9
    Orc (0/2) D:11
 Vaults: D:13-14

Altars:
Ashenzari
Cheibriados
Dithmenos
Elyvilon
Fedhas
Gozag
Hepliaklqana
Kikubaaqudgha
Makhleb
Nemelex Xobeh
Okawaru
Qazlal
Ru
Sif Muna
Trog
Uskayaw
Vehumet
Wu Jian
Xom
Yredelemnul
Zin
The Shining One

Shops:
D:3 !=   D:8 =

Annotations:
D:10 exclusion: orange crystal statue


Message History

The ironbound frostheart freezes you! You resist.
* * * LOW HITPOINT WARNING * * *
You feel much better.
You block the ironbound frostheart's attack.
You closely miss the ironbound frostheart.
The ironbound frostheart is moderately wounded.
You block the ironbound frostheart's attack.
You hit the ironbound frostheart.
The ironbound frostheart looks as sick as possible!
The ironbound frostheart is heavily wounded.
The ironbound frostheart calls freezing cold from the walls.
The frost grips you!! You resist.
* * * LOW HITPOINT WARNING * * *
You are encased in ice.
You feel much better. The ironbound frostheart touches you.
The ironbound frostheart freezes you! You resist.
* * * LOW HITPOINT WARNING * * *
You puncture the ironbound frostheart!
The ironbound frostheart looks as sick as possible!
The ironbound frostheart is severely wounded.
The ice encasing you melts away.
The ironbound frostheart calls freezing cold from the walls.
The frost grips you. You resist.
* * * LOW HITPOINT WARNING * * *
You are encased in ice.
You feel better.
The ironbound frostheart touches you but does no damage.
A manticore comes into view.
You puncture the ironbound frostheart!
The ironbound frostheart is almost dead.
The ironbound frostheart touches you!
* * * LOW HITPOINT WARNING * * *
The ironbound frostheart freezes you! You resist.
* * * LOW HITPOINT WARNING * * *
Unknown command.
You feel better. The ice encasing you melts away.
The ironbound frostheart touches you!
You die...
Your body crumbles into a pile of gold.

### #.# #..
#.## #..
#..# #..
##$# #..#
#@# ####...
#p# ..$....
#p# #
#...####H#.#
#...p.°.$$.#
#..#####$###
#. #$# # #.#
#.#


You could see an ironbound frostheart (extremely poisoned), a manticore and a
human.

Vanquished Creatures
  A hydra (D:13)
  3 vault guards (D:14)
  5 boulder beetles
  3 centaur warriors
  5 two-headed ogres
  2 tengu warriors (D:13)
  Pikel (D:9)
  2 deep elf pyromancers
  5 cyclopes
  The ghost of loom the Changeling, a novice OnSh (D:4)
  The ghost of CapUranus the Chopper, a novice HOFi (D:5)
  2 gargoyles
  Maggie (D:10)
  A kobold demonologist (D:11)
  A komodo dragon (D:9)
  An unseen horror (D:11)
  Psyche (D:9)
  Jeremiah (D:9)
  3 tengu conjurers (D:13)
  2 trolls
  11 slime creatures
  2 wraiths
  Sigmund (D:4)
  3 wyverns
  5 yaks
  A shadow (D:11)
  A human (D:14)
  A basilisk (D:9)
  3 steam dragons
  15 vampire mosquitoes
  A water moccasin (D:6)
  2 acid dragons
  4 orc warriors
  3 sky beasts
  A black bear (D:4)
  2 laughing skulls (D:13)
  An ogre (D:6)
  13 centaurs
  4 kobold brigands
  A gnoll sergeant (D:7)
  5 bullfrogs
  2 scorpions
  9 wights
  3 killer bees (D:9)
  A lava snake (D:10)
  A bombardier beetle (D:3)
  A centaur zombie (D:4)
  4 jellies
  3 hounds
  3 orc priests
  2 iguanas
  A sleepcap (D:7)
  Natasha (thrice) (D:3)
  A scorpion zombie (D:4)
  6 orc wizards
  Terence (D:2)
  11 adders
  11 gnolls
  A shadow imp (D:7)
  2 white imps
  4 dart slugs
  3 ribbon worms
  43 orcs
  8 ball pythons
  9 endoplasms
  2 giant cockroaches
  4 goblins
  7 hobgoblins
  4 quokkas
  7 bats
  4 frilled lizards (D:1)
  24 kobolds
  3 rats (D:1)
310 creatures vanquished.

Vanquished Creatures (others)
  A butterfly (D:8)
1 creature vanquished.

Grand Total: 311 creatures vanquished

Notes
Turn   | Place    | Note
-------+----------+-------------------------------------------
     0 | D:1      | CapUranus the Hill Orc Fighter began the quest for the Orb.
     0 | D:1      | Reached XP level 1. HP: 19/19 MP: 1/1
   188 | D:1      | Reached XP level 2. HP: 27/27 MP: 2/2
   440 | D:1      | Reached skill level 3 in Axes
   605 | D:1      | Reached XP level 3. HP: 33/33 MP: 3/3
  1464 | D:2      | Reached XP level 4. HP: 40/40 MP: 4/4
  1522 | D:2      | Noticed Terence
  1531 | D:2      | Killed Terence
  1532 | D:2      | Reached skill level 4 in Axes
  1852 | D:3      | Reached XP level 5. HP: 33/46 MP: 5/5
  1940 | D:3      | Reached skill level 5 in Axes
  2067 | D:3      | Found Epecveh's Distillery.
  2071 | D:3      | Found Buireugg's Jewellery Shoppe.
  2153 | D:3      | Found a snail-covered altar of Cheibriados.
  2214 | D:3      | Reached XP level 6. HP: 46/53 MP: 6/6
  2227 | D:3      | Found a sacrificial altar of Ru.
  2505 | D:3      | Noticed Natasha
  2516 | D:3      | Killed Natasha
  2517 | D:3      | Reached skill level 6 in Axes
  2711 | D:3      | Found a burning altar of Makhleb.
  2711 | D:3      | Noticed a blizzard demon
  2715 | D:3      | Noticed a smoke demon
  2715 | D:3      | Noticed a smoke demon
  2818 | D:3      | Noticed Natasha
  2824 | D:3      | Killed Natasha
  2877 | D:3      | Noticed Natasha
  2885 | D:3      | Killed Natasha
  3003 | D:4      | Noticed Sigmund
  3012 | D:4      | Killed Sigmund
  3013 | D:4      | Reached skill level 7 in Axes
  3013 | D:4      | Reached XP level 7. HP: 60/60 MP: 7/7
  3149 | D:4      | Reached skill level 5 in Fighting
  3194 | D:4      | Found a blossoming altar of Fedhas.
  3440 | D:4      | Reached skill level 1 in Stealth
  3440 | D:4      | Reached skill level 5 in Shields
  3522 | D:4      | Found a runed translucent gate.
  3522 | D:4      | Found a runed translucent gate.
  3522 | D:4      | Found a runed translucent gate.
  3522 | D:4      | Noticed loom's ghost (novice OnSh)
  3524 | D:4      | Found a basalt altar of Yredelemnul.
  3761 | D:4      | Found a shimmering altar of Xom.
  3926 | D:5      | Entered Level 5 of the Dungeon
  3938 | D:4      | Reached skill level 1 in Dodging
  3975 | D:4      | Reached skill level 8 in Axes
  3975 | D:4      | Reached XP level 8. HP: 55/69 MP: 8/8
  4033 | D:5      | Found a staircase to the Ecumenical Temple.
  4051 | Temple   | Entered the Ecumenical Temple
  4060 | Temple   | Became a worshipper of Gozag Ym Sagoz the Greedy
  4187 | D:5      | Found a runed translucent door.
  4303 | D:5      | Noticed CapUranus's ghost (novice HOFi)
  4308 | D:5      | Reached skill level 5 in Armour
  4332 | D:5      | Killed CapUranus's ghost
  4333 | D:5      | Reached skill level 9 in Axes
  4994 | D:4      | Killed loom's ghost
  4995 | D:4      | Reached skill level 10 in Axes
  4995 | D:4      | Reached XP level 9. HP: 64/75 MP: 9/9
  5806 | D:6      | Found a shadowy altar of Dithmenos.
  6028 | D:6      | Identified the beast talisman of Fewnyt {rCorr Str+6 Int-3
                  | Stlth+}
  6800 | D:7      | Reached skill level 11 in Axes
  7507 | D:3      | Bought the ring "Zuurhax" {rC+ AC+4 Dex+2} for 596 gold
                  | pieces
  7629 | D:7      | Reached skill level 12 in Axes
  7629 | D:7      | Reached XP level 10. HP: 86/86 MP: 10/10
  7903 | D:8      | Found Lanaed's Jewellery Shoppe.
  8030 | D:8      | Found a white marble altar of Elyvilon.
  8114 | D:8      | Found a transporter.
  8185 | D:8      | Found a transporter.
  8577 | D:8      | Found a broken altar of Ashenzari.
  8581 | D:8      | Saw a vision of the Shoals and the Snake Pit.
  8581 | D:8      | Noticed a black mamba
  8581 | D:8      | Noticed a manticore
  8581 | D:8      | Noticed a water nymph
  8581 | D:8      | Noticed a merfolk impaler
  8581 | D:8      | Noticed a manticore
  8581 | D:8      | Noticed a naga mage
  8581 | D:8      | Noticed a water nymph
  8581 | D:8      | Noticed a skyshark
  8583 | D:8      | Noticed a black mamba
  8583 | D:8      | Noticed a guardian serpent
  8584 | D:8      | Noticed a black mamba
  8638 | D:8      | Reached skill level 13 in Axes
  9183 | D:9      | Noticed Pikel
  9186 | D:9      | Identified the +1 hat of the Bouncing Teeth {rN+}
  9197 | D:9      | Killed Pikel
  9283 | D:9      | Noticed Psyche
  9305 | D:9      | Killed Psyche
  9306 | D:9      | Reached skill level 14 in Axes
  9567 | D:9      | Found a sparkling altar of Nemelex Xobeh.
  9568 | D:9      | Noticed a two-headed ogre
  9578 | D:9      | Killed a two-headed ogre
  9783 | D:9      | Found a shimmering blue altar of Sif Muna.
  9854 | D:9      | Reached XP level 11. HP: 85/94 MP: 11/11
  9916 | D:9      | Found a staircase to the Lair.
 10015 | D:9      | Noticed Jeremiah
 10071 | D:9      | Killed Jeremiah
 10072 | D:9      | Reached skill level 15 in Axes
 10275 | D:10     | Entered Level 10 of the Dungeon
 10276 | D:10     | Noticed Maggie
 10277 | D:10     | Noticed a two-headed ogre
 10278 | D:10     | Noticed a two-headed ogre
 10294 | D:9      | Killed a two-headed ogre
 10414 | D:9      | Killed a two-headed ogre
 10654 | D:10     | Killed Maggie
 10954 | D:10     | Found a hazy altar of Hepliaklqana.
 10970 | D:10     | Noticed a two-headed ogre
 10996 | D:10     | Killed a two-headed ogre
 11245 | D:10     | Noticed a cyclops
 11266 | D:10     | Killed a cyclops
 11408 | D:10     | Noticed an orange crystal statue
 11863 | D:11     | Found a staircase to the Orcish Mines.
 12202 | D:11     | Noticed a two-headed ogre
 12217 | D:11     | Killed a two-headed ogre
 12218 | D:11     | Reached skill level 16 in Axes
 12218 | D:11     | Reached skill level 10 in Armour
 12420 | D:11     | Noticed a boulder beetle
 12528 | D:11     | Killed a boulder beetle
 12529 | D:11     | Reached XP level 12. HP: 97/104 MP: 12/12
 13521 | D:12     | Noticed a boulder beetle
 13571 | D:12     | Killed a boulder beetle
 13572 | D:12     | Reached skill level 10 in Fighting
 14230 | D:13     | Identified the +1 dagger of Temperance {freeze, Int+3}
 14407 | D:13     | Noticed a boulder beetle
 14459 | D:13     | Killed a boulder beetle
 14460 | D:13     | Reached skill level 10 in Shields
 14788 | D:13     | Noticed a centaur warrior
 14807 | D:13     | HP: 2/107 [centaur warrior/arrow (5)]
 14808 | D:13     | Killed a centaur warrior
 15194 | D:13     | Noticed a centaur warrior
 15204 | D:13     | Killed a centaur warrior
 15205 | D:13     | Reached skill level 17 in Axes
 15314 | D:13     | Noticed a boulder beetle
 15361 | D:13     | Killed a boulder beetle
 15472 | D:13     | Reached XP level 13. HP: 115/115 MP: 13/13
 16004 | D:13     | Identified the +11 rapier of Pulohavess {venom, rPois rF+
                  | rCorr}
 16543 | D:13     | Reached skill level 1 in Short Blades
 16757 | D:14     | Noticed a vault guard
 16791 | D:14     | Killed a vault guard
 16793 | D:14     | Noticed a vault guard
 16801 | D:14     | Noticed a vault guard
 16813 | D:14     | Killed a vault guard
 16834 | D:14     | Killed a vault guard
 16846 | D:14     | HP: 2/116 [ironbound frostheart (16)]
 16847 | D:14     | Slain by an ironbound frostheart

Illustrated notes

Levels and vault maps discovered:
D:1:      tarquinn_simple_flora_water_d, layout_loops_ring
D:2:      layout_basic, uniq_terence
D:3:      layout_basic, slow_altar_2, makhleb_altar_promises_db,
          nicolae_ru_the_path_less_chosen, serial_shops, shop_fountains, shop,
          chequers_decorated_corner, minmay_box_of_dots, uniq_natasha
D:4:      layout_loops_cross, marbit_many_paths,
          nicolae_yredelemnul_ghost_church, fedhas_altar_2, uniq_sigmund
D:5:      layout_rooms, minmay_temple_entry_sparse_star, serial_aquarium,
          aquarium_bridge_square [aquarium_subvault_bridge,
          aquarium_subvault_wall, aquarium_subvault_wall,
          aquarium_subvault_window], aquarium_bridge_square
          [aquarium_subvault_bridge, aquarium_subvault_wall,
          aquarium_subvault_bridge, aquarium_subvault_wall], aquarium_window_1,
          aquarium_window_corridor_3, aquarium_view_2d, aquarium_view_2g,
          ebering_ghost_sewer_d
D:6:      layout_basic, grunt_dithmenos_smoke_and_mirrors
D:7:      layout_loops_ring, minmay_bent
D:8:      minmay_spotlight, layout_loops_ring, grunt_ashenzari_visionary
          [grunt_ashenzari_visionary_shoals, grunt_ashenzari_visionary_snake],
          nicolae_elyvilon_peaceful_grove, serial_shops, nicolae_square_shop,
          nicolae_diode_stairs
D:9:      layout_irregular_city, nicolae_overflow_crystal_walls,
          mainiacjoe_overflow_small_starburst, david_lair_shrubbed, uniq_psyche,
          uniq_pikel, uniq_jeremiah
D:10:     layout_basic, mainiacjoe_overflow_alcove_1, minivault_16,
          nicolae_concentric_dashed_squares_mild, st_stairs_2,
          kennysheep_another_room, uniq_maggie
D:11:     layout_big_octagon, orc_0_dummy
D:12:     layout_loops_corners, kennysheep_doodads, minmay_unpleasant_kobolds
D:13:     layout_irregular_city, minivault_5
D:14:     evilmike_library_of_no_secrets, layout_loops_ring,
          hellmonk_vaults_keyhole, grunt_decor_cap, uniq_louise
Temple:   eino_temple_lava

Skill      XL: |  1  2  3  4  5  6  7  8  9 10 11 12 13 |
---------------+----------------------------------------+-----
Axes           | 3 4 5 7 8 10 12 14 16 17 | 17.2
Armour         | 4 6 7 8 10 11 12 | 12.6
Fighting       | 4 5 6 7 8 9 10 11 | 11.3
Shields        | 4 5 6 7 8 10 11 | 11.2
Stealth        | 1 2 |  2.8
Dodging        | 1 2 |  2.7
Short Blades   | 2 |  2.6
Evocations     | |  0.6

Action                     |  1- 3 |  4- 6 |  7- 9 | 10-12 | 13-15 || total
---------------------------+-------+-------+-------+-------+-------++-------
  Melee: War axe           |   144 |   133 |   363 |   820 |    40 ||  1500
         Rapier            |       |       |       |       |   117 ||   117
  Evoke: Wand              |       |     3 |       |     2 |     1 ||     6
    Use: Potion            |       |     1 |       |       |     7 ||     8
         Scroll            |       |       |       |     8 |       ||     8
   Stab: Paralysed         |       |     4 |       |       |       ||     4
         Distracted        |       |       |     2 |     5 |       ||     7
 Armour: Scale mail        |   115 |    58 |   192 |       |       ||   365
         Plate armour      |       |       |    23 |   515 |   251 ||   789
         Skin              |       |       |     7 |       |       ||     7
  Dodge: Dodged            |    56 |    41 |   108 |   155 |    65 ||   425
  Block: Buckler           |    31 |    44 |   177 |   361 |    74 ||   687
         Reflection        |       |     3 |     2 |    27 |    12 ||    44
         Kite shield       |       |       |       |       |    66 ||    66
